 Dungeon Crawl Stone Soup version 0.30.1-9-gdf580d7c3d (webtiles) character file.

Game seed: 15108067344369979392

1001 Ivernyr the Cudgeller (level 8, -3/96 HPs)
             Began as a Formicid Fighter on Sept 28, 2023.
             Was an Initiate of Wu Jian.
             Slain by a killer bee (7 damage)
             ... on level 5 of the Dungeon.
             The game lasted 00:13:10 (4674 turns).

Ivernyr the Cudgeller (Formicid Fighter)            Turns: 4674, Time: 00:13:11

Health: -3/96      AC: 24    Str: 24    XL:     8   Next: 43%
Magic:  8/8        EV:  2    Int:  7    God:    Wu Jian [......]
Gold:   334        SH:  5    Dex: 13    Spells: 7/7 levels left

rFire   . . .        a - +0 flail
rCold   . . .        c - +0 buckler
rNeg    + . .        b - melded +2 ring mail {rF+}
rPois   +            (helmet unavailable)
rElec   .            o - melded +0 cloak
rCorr   .            v - melded +0 pair of gloves
SInv    .            B - melded +0 pair of boots
Will    +....        (no amulet)
Stlth   +            i - ring of positive energy
HPRegen 0.36/turn    y - ring of willpower
MPRegen 0.11/turn

%: no passive effects
@: brilliant, tree-form
A: stationary, stasis, torment immunity, boosted hp, permanent stasis, dig
shafts and tunnels, (antennae 3), four strong arms
a: Renounce Religion


You were on level 5 of the Dungeon.
You worshipped Wu Jian.
Wu Jian was noncommittal.
You were a tree.
You visited 2 branches of the dungeon, and saw 6 of its levels.

You collected 334 gold pieces.

Inventory:

Hand Weapons
 a - a +0 flail (weapon)
 C - the +12 war axe "Hogaush" {heavy, SInv}
   (You found it on level 5 of the Dungeon)

   SInv:      It lets you see invisible.
Armour
 b - a +2 ring mail of fire resistance (melded)
 c - a +0 buckler (worn)
 o - a +0 cloak (melded)
 v - a +0 pair of gloves (melded)
 B - a +0 pair of boots (melded)
Jewellery
 i - a ring of positive energy (left branch)
 y - a ring of willpower (right branch)
 z - a ring of resist corrosion
Wands
 j - a wand of paralysis (18)
 k - a wand of polymorph (16)
Scrolls
 f - a scroll of enchant armour {unknown}
 l - a scroll of poison {unknown}
 m - 2 scrolls of enchant weapon {unknown}
 q - a scroll of brand weapon {unknown}
 r - a scroll of immolation {unknown}
 s - a scroll of vulnerability {unknown}
 t - 5 scrolls of identify {unknown}
 A - 2 scrolls of noise {unknown}
 D - a scroll of fear {unknown}
Potions
 d - 4 potions of might
 e - a potion of resistance {unknown}
 g - a potion of attraction {unknown}
 h - a potion of haste {unknown}
 n - a potion of flight
 u - a potion of brilliance
 x - a potion of heal wounds {unknown}


   Skills:
 + Level 5.9 Fighting
 * Level 6.8 Maces & Flails
 + Level 6.0 Armour
 - Level 4.1 Shields


You had 7 spell levels left.
You didn't know any spells.
Your spell library contained the following spells:

 Spells                   Type           Power      Damage    Failure   Level
 Call Canine Familiar     Summ           0%         N/A       86%         3
 Portal Projectile        Hex/Tloc       0%         N/A       86%         3
 Leda's Liquefaction      Hex/Erth       0%         N/A       99%         4


Dungeon Overview and Level Annotations

Branches:
Dungeon (5/15)             Temple (1/1) D:5

Altars:
Dithmenos
Elyvilon
Makhleb
Nemelex Xobeh
Sif Muna
Uskayaw
Vehumet
Wu Jian
Zin


Innate Abilities, Weirdness & Mutations

You are a tree.
Your roots penetrate the ground, keeping you stationary.
You cannot be teleported.
You are immune to unholy pain and torment.
Your maximum health is greatly increased.
Your equipment is partially melded.
You cannot be hasted, slowed, berserked, paralysed or teleported.
You can dig through walls and to a lower floor.
((You have a pair of large antennae on your head. (SInv)))
Your four strong arms can wield two-handed weapons with a shield.


Message History

You miss the killer bee.
The killer bee is heavily wounded.
You block the killer bee's attack. The killer bee closely misses you. x2
Unknown command.
You miss the killer bee.
The killer bee is heavily wounded.
The killer bee stings you.
* * * LOW HITPOINT WARNING * * *
The killer bee stings you.
* * * LOW HITPOINT WARNING * * *
You feel better.
The killer bee stings you but does no damage.
The killer bee stings you!
* * * LOW HITPOINT WARNING * * *
You feel better. The killer bee stings you.
* * * LOW HITPOINT WARNING * * *
You block the killer bee's attack.
It was a potion of lignification.
You turn into a tree.
Your +0 cloak melds into your body.
Your +0 pair of gloves melds into your body.
Your +0 pair of boots melds into your body.
Your +2 ring mail of fire resistance melds into your body.
You feel less resistant to fire.
Your roots penetrate the ground.
The killer bee stings you but does no damage.
The killer bee completely misses you.
You barely miss the killer bee.
The killer bee is heavily wounded.
The killer bee stings you but does no damage. x2
You barely miss the killer bee.
The killer bee is heavily wounded.
The killer bee stings you but does no damage. x2
You completely miss the killer bee.
The killer bee is heavily wounded.
The killer bee completely misses you. The killer bee stings you.
* * * LOW HITPOINT WARNING * * *
You block the killer bee's attack.
It was a potion of flight.
Your roots keep you in place.
The killer bee stings you but does no damage.
The killer bee stings you!
You die... .# # .......### # ........## ........# # ....... ## ..... .## oy.

..#### #y# .....####
#♣# ........### ##.#
..........## #..###
...........####..[.#
............#..###....#
..............## ###...
.............## ##
.............##
#+###.........##


You could see 2 killer bees and an orc.

Vanquished Creatures
  An ice beast (D:4)
  A black bear (D:5)
  An ogre (D:4)
  A scorpion (D:5)
  3 killer bees (D:5)
  A jelly (D:4)
  Crazy Yiuf (D:3)
  Jessica (D:3)
  An iguana (D:4)
  2 orc wizards (D:4)
  22 gnolls (D:4)
  3 adders
  2 worms
  A dart slug (D:3)
  24 orcs (D:4)
  10 ball pythons
  3 endoplasms
  4 giant cockroaches
  9 goblins
  5 hobgoblins
  20 jackals
  6 kobolds
  4 quokkas
  4 bats
  2 frilled lizards
  3 rats
135 creatures vanquished.

Notes
Turn   | Place    | Note
-------+----------+-------------------------------------------
     0 | D:1      | Ivernyr the Formicid Fighter began the quest for the Orb.
     0 | D:1      | Reached XP level 1. HP: 18/18 MP: 1/1
   156 | D:1      | Reached XP level 2. HP: 24/24 MP: 2/2
   392 | D:1      | Reached XP level 3. HP: 28/29 MP: 3/3
   448 | D:1      | Found a faded altar of an unknown god.
  1174 | D:2      | Found a radiant altar of Vehumet.
  1344 | D:2      | You fall into a shaft and drop 1 floor!
  1389 | D:3      | Reached XP level 4. HP: 31/37 MP: 4/4
  1481 | D:3      | Found a shimmering blue altar of Sif Muna.
  1503 | D:3      | Found a runed translucent door.
  1504 | D:3      | Noticed Crazy Yiuf
  1509 | D:3      | Killed Crazy Yiuf
  1759 | D:3      | Noticed Jessica
  1765 | D:3      | Killed Jessica
  1766 | D:3      | Reached XP level 5. HP: 42/42 MP: 5/5
  1815 | D:3      | Identified the +2 spear "Ohesed" {freeze, rF+ Int+4}
  2204 | D:4      | Found a hide-covered altar of Uskayaw.
  2512 | D:4      | Reached XP level 6. HP: 48/49 MP: 6/6
  2660 | D:4      | Found a burning altar of Makhleb.
  2660 | D:4      | Noticed a blizzard demon
  2817 | D:4      | Noticed an ice beast
  2854 | D:4      | Killed an ice beast
  2871 | D:4      | Reached skill level 5 in Maces & Flails
  3058 | D:4      | Reached XP level 7. HP: 50/55 MP: 7/7
  3087 | D:4      | Reached skill level 5 in Fighting
  3087 | D:4      | Reached skill level 5 in Armour
  3993 | D:4      | Reached XP level 8. HP: 60/63 MP: 8/8
  4257 | D:5      | Entered Level 5 of the Dungeon
  4271 | D:5      | Found a staircase to the Ecumenical Temple.
  4291 | Temple   | Entered the Ecumenical Temple
  4298 | Temple   | Became a worshipper of the Wu Jian Council
  4552 | D:5      | Identified the +12 war axe "Hogaush" {heavy, SInv}
  4667 | D:5      | HP: 2/64 [killer bee (2)]
  4673 | D:5      | HP: 3/96 [killer bee (3)]
  4674 | D:5      | Slain by a killer bee

Illustrated notes

Levels and vault maps discovered:
D:1:      minmay_arrival_cross, layout_loops_corners,
          ebering_ecumenical_altar_sacrificial, nicolae_titane
D:2:      layout_loops_ring, basic_altar
D:3:      layout_loops_cross, lemuel_blue_sif_altar, chequers_mini_garden,
          uniq_crazy_yiuf_cottage, uniq_jessica
D:4:      lemuel_castle_with_subvaults [lemuel_castle_interior_original],
          layout_basic, makhleb_altar_promises_db, nicolae_uskayaw_dance_hall,
          hangedman_decor_clover_reticule
D:5:      layout_cave_pods, mainiacjoe_overflow_tiny_flanked,
          minmay_temple_entry_gardened_gates, kennysheep_minor_cross
Temple:   compressed_dpeg_triangle_lava_temple

Skill      XL: |  1  2  3  4  5  6  7  8 |
---------------+-------------------------+-----
Maces & Flails | 3 4 5 6 |  6.8
Fighting       | 4 5 |  5.9
Armour         | 4 5 6 |  6.0
Shields        | |  4.1

Action                     |  1- 3 |  4- 6 |  7- 9 || total
---------------------------+-------+-------+-------++-------
  Melee: Flail             |   129 |   168 |   215 ||   512
Ability: Lunge             |       |       |     2 ||     2
    Use: Potion            |       |       |     6 ||     6
 Armour: Scale mail        |    12 |       |       ||    12
         Ring mail         |    41 |    53 |   102 ||   196
         Skin              |       |       |     6 ||     6
  Dodge: Dodged            |    83 |    90 |   137 ||   310
  Block: Buckler           |    27 |    46 |    83 ||   156
